 Dungeon Crawl Stone Soup version 0.29-a0-1019-g84f7d21838 (webtiles) character file.

Game seed: 14792640340624347909

11 xian the Trooper (level 2, 0/26 HPs)
             Began as a Draconian Fighter on Aug 10, 2022.
             Slain by a gnoll
             ... wielding a +0 club
              (6 damage)
             ... on level 1 of the Dungeon.
             The game lasted 00:02:12 (286 turns).

xian the Trooper (Draconian Fighter)                 Turns: 286, Time: 00:02:13

Health: 0/26       AC:  4    Str: 18    XL:     2   Next: 13%
Magic:  2/2        EV: 12    Int:  8    God:
Gold:   19         SH:  4    Dex: 10    Spells: 1/1 levels left

rFire   . . .      SeeInvis .   a - +0 long sword
rCold   . . .      Faith    .   b - +0 buckler
rNeg    . . .      Spirit   .   (body armour unavailable)
rPois   .          Reflect  .   (helmet restricted)
rElec   .          Harm     .   (no cloak)
rCorr   .          Rampage  .   (no gloves)
Will    .....                   (no boots)
Stlth   +.........              (no amulet)
HPRegen 0.08/turn               (no ring)
MPRegen 0.08/turn               (no ring)

@: no status effects
A: AC +4, unfitting armour, cold-blooded
a: no special abilities


You were on level 1 of the Dungeon.
You visited 1 branch of the dungeon, and saw 1 of its levels.

You collected 19 gold pieces.

Inventory:

Hand Weapons
 a - a +0 long sword (weapon)
Armour
 b - a +0 buckler (worn)
Scrolls
 d - 3 scrolls of identify {unknown}
Potions
 c - 2 potions of might


   Skills:
 + Level 3.5 Fighting
 + Level 2.0 Long Blades
 + Level 2.8 Dodging
 + Level 3.2 Shields


You had one spell level left.
You didn't know any spells.
Your spell library was empty.

Dungeon Overview and Level Annotations

Branches:
Dungeon (1/15)

Altars:


Innate Abilities, Weirdness & Mutations

Your plain brown scales are hard. (AC +4)
You cannot fit into any form of body armour.
You are cold-blooded and may be slowed by cold attacks.


Message History

The kobold hits you but does no damage.
You hit the kobold.
You kill the kobold!
Found a gold piece.
Things that are here:
a +0 short sword; a kobold corpse You now have 18 gold pieces (gained 9).
You now have 19 gold pieces (gained 1).
You see here a rat corpse.
You see here 4 stones.
A gnoll comes into view. It is wielding a +0 club.
Found a scroll labelled QUCSUTWERCH.
The gnoll shouts!
You hear a shout!
A goblin comes into view. It is wielding a +0 club.
The gnoll hits you with a +0 club.
You barely miss the gnoll. The gnoll hits you with a +0 club.
You completely miss the gnoll. The gnoll barely misses you.
You closely miss the gnoll. The gnoll hits you with a +0 club. x2
You hit the gnoll but do no damage. The gnoll hits you with a +0 club.
You closely miss the gnoll.
You tail-slap the gnoll, but do no damage.
The gnoll hits you but does no damage.
You hit the gnoll. You tail-slap the gnoll.
The gnoll is severely wounded.
The goblin hits you with a +0 club.
* * * LOW HITPOINT WARNING * * *
You block the gnoll's attack. The goblin closely misses you.
The gnoll hits you but does no damage.
You hit the gnoll.
The gnoll is almost dead.
The gnoll misses you. The goblin hits you but does no damage.
Hit: a) +0 long sword
Press: ? - help, Dir - move target, f - goblin
Aim: a goblin, wielding a +0 club (about 53% to evade your +0 long sword)
Okay, then.
The gnoll attacks as you move away! The gnoll hits you but does no damage.
You slash the goblin!
You kill the goblin!
The gnoll hits you with a +0 club.
You die...

..)).....# .#...
######...# .##.#.....
#...# ## #.........
#...####.##.........
######.............!.....
#........................
....................?....
#................#.......
######...#####.#@g......#
##.........#####...##
#.....###### ## ##...##
#####...# #......(#
##.####..# ...####..###
.........†.#


You could see a gnoll.

Vanquished Creatures
  2 endoplasms (D:1)
  3 goblins (D:1)
  A hobgoblin (D:1)
  3 kobolds (D:1)
  A bat (D:1)
  A rat (D:1)
11 creatures vanquished.

Notes
Turn   | Place    | Note
-------+----------+-------------------------------------------
     0 | D:1      | xian the Draconian Fighter began the quest for the Orb.
     0 | D:1      | Reached XP level 1. HP: 19/19 MP: 1/1
   147 | D:1      | Reached XP level 2. HP: 26/26 MP: 2/2
   286 | D:1      | Slain by a gnoll

Illustrated notes

Levels and vault maps discovered:
D:1:      dpeg_arrival_rhombus, layout_loops_cross, basic_ecumenical_altar

Action                   || total
-------------------------++-------
Melee: Long sword        ||    30
       Tailslap          ||     3
Armor: Skin              ||    14
Dodge: Dodged            ||    19
Block: Buckler           ||     4

Table legend: (Time is in decaauts)
 A = Elapsed time spent in this place.
 B = Non-inter-level travel time spent in this place.
 C = Inter-level travel time spent in this place.
 D = Time resting spent in this place.
 E = Time spent auto-exploring this place.
 F = Levels seen in this place.
 G = Mean time per level.
                   A        B        C        D        E       F      G
               +--------+--------+--------+--------+--------+-----+--------+
         Total |    295 |    295 |      0 |      0 |    169 |   1 |  295.0 |
       Dungeon |    295 |    295 |      0 |      0 |    169 |   1 |  295.0 |
               +--------+--------+--------+--------+--------+-----+--------+

Top non-repeatable levels by time:
     D:1: 295 daAuts
